Description

PvP fast expand, attack 4:40

VOD

https://youtu.be/Hl78v6BN0ZY

Build Order

Get SALT Encoding   

  14  0:17  Pylon  near Nexus
  16  0:35  Gateway  
  17  0:47  Assimilator  16/16 probe minerals, 17 probe - scout
  20  1:24  Cybernetics Core  this probe go to expand 2
  21  1:37  Nexus  
  21  1:43  Pylon  Ramp
  22  1:51  Assimilator  Second
  22  2:01  Stalker, Warp Gate  boost
  26  2:24  Stalker  Second (100% first stalker), next sentry
  28  2:32  Shield Battery  low ramp (pylon ramp)
  29  2:38  Gateway  pylon ramp
  29  2:43  Sentry  
  34  2:48  Robotics Facility  100% already - immortal, prisma, immortal, obs
  35  3:37  Stalker  x2
  43  3:45  Warp Prism  
  45  3:57  Pylon  
  47  3:39  Sentry  
  47  4:04  Oracle   illusion and scout base enemy
  57  4:48  Pylon  attack - 7 Starker, 2 immortal, prisma, sentry
Spawning Tool Build Advisor. Get it on Overwolf

Go to:

Details

  • Created by: ztmlsilon
  • Published on: Oct 08, 2020
  • Modified on: Oct 08, 2020
  • Patch: 4.11.0
  • Difficulty: Medium
Show
View Real Time Build Order
Export as new Build Order

Comments (2)

On Nov. 8, 2020, 7:40 p.m., FUCKYOU  said:

I forgot 29 gateway but can't edit a comment zzzzzz

On Nov. 8, 2020, 7:17 p.m., FUCKYOU  said:

The build order is not correct according to the vod

14 pylon
16 gateway
17 assimilator full sat, 17 scout
20 cyber expand with probe
21 nexus
21 pylon
22 assimilator
22 stalker, warp gate boost both
26 stalker (sentry after)
28 shield battery
29 Robotics facility
33 pylon
35 stalker x2
43 immortal - prism - immortal obs
45 pylon
47 sentry
47 oracle illusion
51 stalker 1x
55 stalker 1x
59 stalker 1x

This one is.

Create an account to comment!